 Dungeon Crawl Stone Soup version 0.25.1-2-g60ff931df9 (webtiles) character file.

Game seed: 548921636023164715

605242 Luthien the Ruinous (level 26, -24/158 HPs)
             Began as a Deep Elf Conjurer on Aug 20, 2020.
             Was the Champion of Vehumet.
             Killed from afar by a golden dragon (42 damage)
             ... with a bolt of cold
             ... on level 4 of the Realm of Zot on Aug 23, 2020.
             The game lasted 11:57:17 (106200 turns).

Luthien the Ruinous (Deep Elf Conjurer)           Turns: 106200, Time: 11:57:17

Health: -24/158    AC: 28    Str: 11    XL:     26   Next: 60%
Magic:  45/73      EV: 15    Int: 31    God:    Vehumet [******]
Gold:   2944       SH: 17    Dex: 15    Spells: 1/67 levels left

rFire    + + .     SeeInvis +   a - staff of wizardry
rCold    + . .     Gourm    .   w - +5 kite shield {reflect}
rNeg     + + .     Faith    .   y - +11 fire dragon scales of Gozag's Generosity {rF++ rC- Str+3}
rPois    +         Spirit   .   D - +0 hat
rElec    +         Reflect  +   F - +4 dragonskin cloak
rCorr    +         Harm     .   u - +2 pair of gloves {Str+3}
MR       +++++                  f - +2 pair of boots
Stlth    +++.......             k - amulet of the Salamander {RegenMP rElec MR+++ Int-5 SInv}
HPRegen  0.36/turn              i - ring "Sorchat" {rPois rN+ MR- MP+9 Int+3}
MPRegen  0.68/turn              Y - ring "Sibb" {rC+ MR+ MP+9}

@: hasted, very quick
A: horns 1, deformed body, high mp 1, magic resistance 1
}: 3/15 runes: serpentine, barnacled, slimy
a: Renounce Religion


You were on level 4 of the Realm of Zot.
You worshipped Vehumet.
Vehumet was exalted by your worship.
You were very hungry.

You visited 12 branches of the dungeon, and saw 57 of its levels.
You also visited: Bailey, Ice Cave and Volcano.

You collected 10884 gold pieces.
You spent 7940 gold pieces at shops.

Inventory:

Hand Weapons
 b - the +8 short sword of Reewkon {vorpal, rC+ MR+ Dex+3}
   (You found it on level 4 of the Shoals)

   It inflicts extra damage upon your enemies.
   It affects your dexterity (+3).
   It protects you from cold.
   It affects your resistance to hostile enchantments.
 v - a +0 battleaxe
Missiles
 j - 1531 arrows
 n - 13 curare-tipped darts (quivered)
 z - 12 throwing nets
Armour
 f - a +2 pair of boots (worn)
 r - +0 shadow dragon scales
 u - a +2 pair of gloves of strength (worn)
 w - a +5 kite shield of reflection (worn)
 y - the +11 fire dragon scales of Gozag's Generosity (worn) {rF++ rC- Str+3}
   (You found it in a bailey)

   It affects your strength (+3).
   It greatly protects you from fire.
   It makes you vulnerable to cold.
 D - a +0 hat (worn)
 F - the +4 dragonskin cloak (worn)
   (You took it off Tiamat on level 3 of the Realm of Zot)
Magical Staves
 a - an uncursed staff of wizardry (weapon)
 s - an uncursed staff of energy
Jewellery
 i - the ring "Sorchat" (left hand) {rPois rN+ MR- MP+9 Int+3}
   (You took it off a vampire mage on level 4 of the Depths)

   [ring of magical power]

   It affects your intelligence (+3).
   It protects you from poison.
   It protects you from negative energy.
   It affects your resistance to hostile enchantments.
   It affects your magic capacity (+9).
 k - the amulet of the Salamander (around neck) {RegenMP rElec MR+++ Int-5 SInv}
   (You took it off a vampire mage on level 1 of the Crypt)

   [amulet of magic regeneration]

   It increases your magic regeneration.
   It affects your intelligence (-5).
   It insulates you from electricity.
   It affects your resistance to hostile enchantments.
   It lets you see invisible.
 m - a +6 ring of intelligence
 L - an uncursed ring of resist corrosion
 Y - the ring "Sibb" (right hand) {rC+ MR+ MP+9}
   (You bought it in a shop on level 6 of the Dungeon)

   [ring of protection from magic]

   It protects you from cold.
   It affects your resistance to hostile enchantments.
   It affects your magic capacity (+9).
Wands
 g - a wand of digging (18)
 q - a wand of paralysis (11)
 E - a wand of flame (100)
 P - a wand of disintegration (56)
 V - a wand of iceblast (61)
Scrolls
 e - 22 scrolls of teleportation
 o - 12 scrolls of identify
 p - 2 scrolls of amnesia
 C - 5 scrolls of magic mapping
 K - 13 scrolls of fog
 M - 12 scrolls of remove curse
 S - 4 scrolls of holy word
 U - 7 scrolls of fear
 Z - a scroll of blinking
Potions
 d - 5 potions of might
 l - 4 potions of mutation
 A - 6 potions of resistance
 B - 9 potions of flight
 H - 5 potions of magic
 N - 14 potions of curing
 O - 6 potions of haste
 Q - 6 potions of cancellation
 R - 10 potions of brilliance
Miscellaneous
 t - a lightning rod (4/4)
 x - 5 boxes of beasts
 T - a phial of floods
 W - 2 phantom mirrors
 X - a tin of tremorstones (3/3)
Comestibles
 c - 61 rations


   Skills:
 - Level 14.0 Fighting
   Level 7.0 Bows
 - Level 5.0 Armour
 - Level 15.0 Dodging
 - Level 10.0 Stealth
 + Level 13.8 Shields
 - Level 21.2 Spellcasting
 + Level 24.2 Conjurations
 - Level 9.0 Hexes
 - Level 9.0 Charms
 - Level 5.0 Translocations
 - Level 7.0 Transmutations
 + Level 24.1 Fire Magic
 - Level 2.1 Ice Magic
 - Level 11.0 Air Magic
 - Level 8.0 Evocations


You had one spell level left.
You knew the following spells:

 Your Spells              Type           Power        Failure   Level  Hunger
a - Magic Dart            Conj           ####         0%          1    None
b - Searing Ray           Conj           ######       0%          2    None
i - Iskenderun's Mystic   Conj/Tloc      #######.     1%          4    None
p - Fulminant Prism       Conj/Hex       #######...   1%          4    None
A - Mephitic Cloud        Conj/Pois/Air  #######.     1%          3    None
B - Ignite Poison         Fire/Tmut/Pois #######.     1%          3    None
C - Irradiate             Conj/Tmut      #######...   1%          5    None
D - Swiftness             Chrm/Air       #######.     1%          2    None
E - Iskenderun's Battles  Conj/Chrm      #######.     1%          5    None
F - Fireball              Conj/Fire      ########..   0%          5    None
G - Ignition              Fire           ########..   1%          8    ####...
H - Ozocubu's Armour      Chrm/Ice       ######..     1%          3    None
I - Fire Storm            Conj/Fire      ########..   4%          9    ######.
J - Freezing Cloud        Conj/Ice/Air   #######...   1%          6    None
L - Conjure Ball Lightni  Conj/Air       #######...   1%          6    None

Your spell library contained the following spells:

 Spells                   Type           Power        Failure   Level  Hunger
 Tornado                  Air            #######...   99%         9    ######.
 Foxfire                  Conj/Fire      ####         0%          1    None
 Shock                    Conj/Air       ####         0%          1    None
 Apportation              Tloc           ######       1%          1    None
 Beastly Appendage        Tmut           ######       1%          1    None
 Corona                   Hex            ######.      1%          1    None
 Infusion                 Chrm           ####         1%          1    None
 Sandblast                Erth           ####..       1%          1    None
 Sting                    Tmut/Pois      ####         1%          1    None
 Animate Skeleton         Necr           N/A          3%          1    None
 Pain                     Necr           ####         3%          1    None
 Summon Butterflies       Summ           ####....     3%          1    None
 Summon Small Mammal      Summ           ####         3%          1    None
 Conjure Flame            Conj/Fire      ########     0%          3    None
 Static Discharge         Conj/Air       #######.     0%          3    None
 Corpse Rot               Necr/Air       N/A          1%          2    None
 Ensorcelled Hibernation  Hex/Ice        ######       1%          2    None
 Poisonous Vapours        Pois/Air       ######       1%          2    None
 Shroud of Golubria       Chrm/Tloc      ######       1%          2    None
 Song of Slaying          Chrm           ######..     1%          2    None
 Sticks to Snakes         Tmut           ######..     1%          2    None
 Confusing Touch          Hex            ######..     1%          3    None
 Dazzling Flash           Conj/Hex       ######       1%          3    None
 Gell's Gravitas          Tloc           ######....   1%          3    None
 Lesser Beckoning         Tloc           ######....   1%          3    None
 Portal Projectile        Hex/Tloc       ######       1%          3    None
 Spectral Weapon          Hex/Chrm       ######..     1%          3    None
 Stone Arrow              Conj/Erth      ######       1%          3    None
 Summon Guardian Golem    Hex/Summ       ######..     1%          3    None
 Tukima's Dance           Hex            ######..     1%          3    None
 Airstrike                Air            #######...   1%          4    None
 Cause Fear               Hex            ######....   1%          4    None
 Lightning Bolt           Conj/Air       #######...   1%          5    None
 Silence                  Hex/Air        #######...   1%          5    None
 Yara's Violent Unravell  Hex/Tmut       ######....   1%          5    None
 Spider Form              Tmut/Pois      ######....   2%          3    None
 Summon Lightning Spire   Summ/Air       ######..     3%          4    None
 Ring of Flames           Chrm/Fire      #######...   3%          7    ##.....
 Recall                   Summ/Tloc      N/A          4%          3    None
 Call Imp                 Summ           ####....     5%          2    None
 Ice Form                 Ice/Tmut       ######..     5%          4    None
 Blade Hands              Tmut           ######....   6%          5    None
 Petrify                  Tmut/Erth      ######..     9%          4    None
 Metabolic Englaciation   Hex/Ice        ######....   10%         5    None
 Call Canine Familiar     Summ           ####....     11%         3    None
 Vampiric Draining        Necr           ####......   11%         3    None
 Invisibility             Hex            ######..     13%         6    None
 Summon Mana Viper        Hex/Summ       ######..     16%         5    None
 Summon Ice Beast         Ice/Summ       #####...     22%         4    None
 Alistair's Intoxication  Tmut/Pois      ######..     22%         5    None
 Hydra Form               Tmut           ######....   28%         6    None
 Animate Dead             Necr           N/A          32%         4    None
 Summon Forest            Summ/Tloc      #####.....   32%         5    None
 Agony                    Necr           ####....     65%         5    None
 Aura of Abjuration       Summ           ####......   65%         5    None
 Borgnjor's Vile Clutch   Necr/Erth      ####......   65%         5    None
 Summon Demon             Summ           ####......   65%         5    None
 Eringya's Noxious Bog    Tmut/Pois      ######....   75%         6    None
 Statue Form              Tmut/Erth      ######...    75%         6    None
 Dragon Form              Tmut           ######....   82%         7    ##.....
 Simulacrum               Ice/Necr       #####.....   96%         6    None
 Death Channel            Necr           ####......   99%         6    None
 Shadow Creatures         Summ           N/A          99%         6    None
 Discord                  Hex            ######....   99%         8    ####...
 Malign Gateway           Summ/Tloc      #####.....   100%        7    ##.....
 Monstrous Menagerie      Summ           ####......   100%        7    ##.....
 Summon Greater Demon     Summ           ####......   100%        7    ##.....
 Summon Hydra             Summ           ####......   100%        7    ##.....
 Summon Horrible Things   Summ           ####......   100%        8    ####...


Dungeon Overview and Level Annotations

Branches:
Dungeon (15/15)            Temple (1/1) D:5            Lair (6/6) D:11
 Shoals (4/4) Lair:4        Snake (4/4) Lair:2        Slime (5/5) Lair:5
    Orc (2/2) D:10            Elf (3/3) Orc:2        Vaults (5/5) D:14
  Crypt (3/3) Vaults:3       Tomb (0/3) Crypt:3      Depths (5/5) D:15
    Zot (4/5) Depths:5     Bailey (visited)           IceCv (visited)
Volcano (visited)

Altars:
Ashenzari
Cheibriados
Gozag
Hepliaklqana
Kikubaaqudgha
Makhleb
Nemelex Xobeh
Okawaru
Qazlal
Ru
Sif Muna
Trog
Vehumet
Wu Jian
Xom
Yredelemnul
Zin
The Shining One
Beogh
Jiyva

Shops:
D:5 !   D:6 ((=[   D:7 *   Orc:2 **[:   Elf:3 =}=   Shoals:2 [   Shoals:3 %
Vaults:2 =   Depths:4 **   Depths:5 [

Portals:
Hell: Depths:1 Depths:2 Depths:3 Depths:4 Depths:5
Abyss: Depths:2 Depths:4
Pandemonium: Depths:3
Ziggurat: Depths:5

Annotations:
Elf:2 3 runed translucent doors
Vaults:5 Mennas
Zot:2 2 transporters, Muataran's ghost, veteran MiMo


Innate Abilities, Weirdness & Mutations

You have a pair of small horns on your head.
Armour fits poorly on your strangely shaped body.
You have an increased reservoir of magic. (+10% MP)
You are resistant to hostile enchantments. (MR+)


Message History

The golden dragon roars deafeningly!
Casting: Fireball (safe; 0% risk of failure)
Confirm with . or Enter, or press ? or * to list all spells.
You conjure a globe of magical energy.
You hear a roar!
Casting: Iskenderun's Battlesphere (safe; 1% risk of failure)
Confirm with . or Enter, or press ? or * to list all spells.
Aiming: Fireball (safe; 0% risk of failure)
Press: ? - help, Shift-Dir - straight line, f - golden dragon
Aim: a golden dragon (severely wounded, extremely poisoned)
The fireball explodes!
The fireball engulfs the golden dragon!
The golden dragon resists.
The golden dragon is almost dead.
You feel yourself speed up.
Your battlesphere fires!
The barrage of energy hits the golden dragon.
The golden dragon is almost dead.
The golden dragon breathes cold at you. The bolt of cold hits you!!!
You resist.
You die...

#...... .##
##.....###..#
##.......#....
#....#........
#....○Dv.....
##...........
#............
#.##...###...
# #@..# ..
#.*....# .
#....#.#
#...##...
...## ...
..### # .. ...


You could see a golden dragon (very poisoned, catching breath), a friendly fire
vortex and a friendly battlesphere.

Vanquished Creatures
  the Royal Jelly (Slime:5)
  2 ancient liches
  Tiamat (Zot:3)
  2 orbs of fire (Zot:2)
  A juggernaut (Depths:4)
  Boris (4 times) (Vaults:4 Crypt:1 Depths:2 Depths:3)
  Bai Suzhen (Crypt:3)
  Saint Roka (Vaults:4)
  8 golden dragons
  The ghost of Kehicw the Executioner, an adept HOAs of Okawaru (Shoals:1)
  An electric golem (Zot:1)
  8 liches
  12 tentacled monstrosities
  Asterion (Elf:3)
  3 quicksilver dragons
  2 deep elf blademasters (Elf:3)
  4 titans
  2 deep elf master archers (Elf:3)
  4 death cobs
  3 ancient champions (Crypt:3)
  33 acid blobs
  2 sphinxes
  8 storm dragons
  6 shadow dragons
  9 tengu reavers
  5 draconian monks
  9 frost giants
  23 azure jellies
  Roxanne (Snake:4)
  A revenant (Crypt:1)
  2 deep elf sorcerers (Elf:3)
  7 nagarajas (Snake:4)
  7 fire giants
  2 draconian knights
  14 vault wardens
  A ghost moth (Zot:3)
  2 orc warlords
  6 draconian scorchers
  Aizul (Snake:1)
  6 draconian shifters
  An iron dragon (Vaults:5)
  A reaper (Crypt:2)
  3 curse skulls
  2 deep elf elementalists (Elf:3)
  5 ironheart preservers
  A war gargoyle (Vaults:4)
  10 very ugly things
  4 draconian stormcallers
  7 draconian annihilators
  A caustic shrike skeleton (Depths:1)
  An entropy weaver (Vaults:4)
  12 stone giants
  9 vampire knights
  3 spriggan defenders (Depths:4)
  9 green draconians
  5 deep elf demonologists
  11 black draconians
  14 purple draconians
  10 red draconians
  The ghost of Luthien the Destroyer, a journeyman DECj of Vehumet (Shoals:1)
  7 deep elf annihilators
  11 white draconians
  A spark wasp (Depths:2)
  10 yellow draconians
  6 deep elf death magi
  10 jiangshi (Crypt:3)
  Snorg (Lair:6)
  A merfolk javelineer (Shoals:4)
  7 merfolk impalers
  13 ettins
  Josephine (D:10)
  20 death oozes
  A mummy priest (Crypt:1)
  A quicksilver dragon zombie (Crypt:3)
  4 eidola
  12 great orbs of eyes
  35 vault guards
  Erolcha (D:12)
  4 deep elf high priests
  16 naga warriors
  16 yaktaur captains
  9 ice dragons
  Harold (D:7)
  Fannar (D:10)
  5 hydras
  A monstrous demonspawn (Depths:3)
  A hell beast (Depths:1)
  11 fire dragons
  4 anacondas
  11 centaur warriors
  7 rakshasas
  4 spriggan air magi
  47 two-headed ogres
  4 merfolk avatars
  14 ogre magi
  2 merfolk aquamancers (Shoals:4)
  3 deep troll shamans
  3 death knights
  14 dancing weapons
  Erica (D:11)
  12 naga sharpshooters
  A satyr (Shoals:3)
  9 spriggan berserkers
  8 vampire magi
  8 tengu warriors
  4 shock serpents
  7 deep troll earth magi
  Urug (Orc:2)
  7 orc high priests
  Sonja (D:10)
  A titan skeleton (Crypt:3)
  8 deep elf knights
  A soul eater (Crypt:2)
  3 shadow wraiths
  A storm dragon zombie (Depths:1)
  9 hell knights
  10 sea snakes
  A golden dragon zombie (Crypt:3)
  2 spark wasp zombies
  12 skeletal warriors
  An unseen horror (shapeshifter) (Vaults:4)
  5 flayed ghosts
  A salamander mystic (Snake:2)
  7 deep trolls
  4 unseen horrors
  6 glowing orange brains
  An infernal demonspawn (Depths:3)
  A swamp dragon (shapeshifter) (Depths:5)
  A shadow demon (Depths:3)
  4 naga ritualists
  An orange crystal statue (D:10)
  3 wizards
  A large abomination (Elf:3)
  A gelid demonspawn (Depths:3)
  3 lindwurms (Lair:6)
  A swamp dragon (Lair:6)
  7 phantasmal warriors
  Pikel (D:4)
  A mana viper (shapeshifter) (Vaults:4)
  11 deep elf archers
  14 ironbrand convokers
  A golden dragon skeleton (Depths:1)
  22 harpies
  A wolf spider zombie (D:14)
  10 orc knights
  7 mana vipers
  7 wolf spiders
  12 shining eyes
  5 necromancers
  A frost giant zombie (Crypt:3)
  52 deep elf magi
  A cyclops (shapeshifter) (Vaults:1)
  10 fauns
  38 ugly things
  8 salamanders
  9 cyclopes
  A fire giant zombie (Crypt:1)
  A manticore (shapeshifter) (Vaults:5)
  2 stone giant zombies
  A faun (shapeshifter) (Depths:3)
  8 manticores
  8 orc sorcerers
  19 moths of wrath
  29 black mambas
  2 rust devils
  4 guardian serpents
  8 merfolk sirens
  An elephant (shapeshifter) (D:15)
  10 water nymphs
  3 eyes of devastation
  5 vault sentinels
  A torpor snail (shapeshifter) (Depths:2)
  4 gargoyles
  6 torpor snails
  Psyche (D:10)
  3 ice statues (IceCv)
  13 spiny frogs
  18 naga magi
  A purple draconian zombie (Crypt:2)
  2 kobold demonologists (Crypt:1)
  A rime drake (shapeshifter) (Vaults:2)
  10 komodo dragons
  53 yaktaurs
  2 efreet
  6 freezing wraiths
  3 yaktaurs (shapeshifter)
  A yaktaur skeleton (Depths:1)
  A red devil (Depths:1)
  5 rime drakes
  5 ice devils (IceCv)
  4 tengu conjurers
  31 merfolk
  2 jumping spiders (Vaults:4)
  16 hornets
  9 trolls
  A polar bear (Lair:5)
  A jumping spider (shapeshifter) (Vaults:4)
  3 tyrant leeches (Lair:6)
  A wind drake (shapeshifter) (Elf:1)
  A wolf spider simulacrum (D:15)
  4 wind drakes
  A hornet (shapeshifter) (Vaults:4)
  A stone giant simulacrum (Vaults:2)
  93 slime creatures
  A jumping spider zombie (Crypt:3)
  A hydra skeleton (Crypt:3)
  5 dream sheep (Lair:6)
  8 blink frogs
  15 hippogriffs
  4 snapping turtles
  An air elemental (Elf:1)
  23 flying skulls
  A human simulacrum (Vaults:1)
  An ice dragon skeleton (Crypt:2)
  A spriggan (shapeshifter) (Depths:3)
  2 shadows
  6 spriggans
  5 wyverns
  58 yaks
  A redback (Vaults:4)
  14 wraiths
  3 humans (D:14)
  A tarantella (Vaults:4)
  5 vampires
  12 water elementals
  8 basilisks
  A fire bat (shapeshifter) (Vaults:4)
  A neqoxec (Depths:3)
  A hog (shapeshifter) (Vaults:2)
  2 golden eyes (Slime:4)
  7 fire elementals
  A human (shapeshifter) (Vaults:3)
  Grum (D:8)
  3 hungry ghosts
  Menkaure (D:4)
  4 vampire mosquitoes (D:12)
  7 acid dragons
  3 steam dragons
  6 wargs
  75 nagas
  11 water moccasins
  A spiny frog skeleton (Crypt:1)
  9 porcupines
  3 floating eyes
  7 sky beasts
  A deep troll skeleton (Crypt:2)
  59 orc warriors
  2 swamp drakes (Lair:6)
  2 ice beasts
  2 black bears (shapeshifter)
  7 eyes of draining
  17 wolves
  4 boggarts
  43 ogres
  3 black bears
  3 phantoms
  An ettin simulacrum (Depths:1)
  2 necrophages
  An orc skeleton (Vaults:1)
  10 crocodiles
  23 centaurs
  2 elf simulacra
  2 big kobolds
  2 wyvern zombies (D:7)
  A bullfrog (shapeshifter) (Vaults:1)
  21 bullfrogs
  3 earth elementals
  2 human skeletons (Vaults:1)
  13 killer bees
  4 scorpions
  4 howler monkeys
  16 wights
  A draconian simulacrum (IceCv)
  6 crimson imps
  A quasit (D:7)
  2 bullfrog zombies (D:7)
  A wolf skeleton (Crypt:2)
  2 centaur zombies
  32 orc priests
  A bullfrog skeleton (D:12)
  9 hounds
  3 jellies
  3 centaur skeletons
  4 iguanas
  A gnoll shaman (D:4)
  20 orc wizards
  7 worker ants
  2 troll simulacra (IceCv)
  A worker ant (shapeshifter) (Depths:4)
  2 spriggan simulacra (IceCv)
  A killer bee zombie (Crypt:2)
  A porcupine skeleton (Crypt:3)
  A sky beast zombie (Crypt:2)
  2 centaur simulacra (IceCv)
  A deep dwarf zombie (Crypt:1)
  A crocodile skeleton (Crypt:2)
  A hound skeleton (D:10)
  A howler monkey zombie (D:11)
  5 gnolls
  6 adders
  A howler monkey skeleton (Crypt:2)
  An ogre simulacrum (IceCv)
  2 naga simulacra (IceCv)
  A steam dragon skeleton (Crypt:1)
  3 shadow imps
  5 white imps
  2 oozes
  2 halfling skeletons
  4 worms
  2 dart slugs
  A leopard gecko (D:3)
  136 orcs
  A ball python (D:4)
  2 bats (D:3)
  5 giant cockroaches
  19 goblins
  13 hobgoblins
  15 jackals
  15 kobolds
  4 quokkas
  3 frilled lizards
  A gnoll skeleton (Crypt:3)
  A goblin skeleton (Crypt:3)
  A jackal skeleton (D:5)
  A kobold zombie (Crypt:1)
  7 rats
  2 crawling corpses (Elf:3)
  2 fulminant prisms
  5 fungi
  13 plants
2367 creatures vanquished.

Vanquished Creatures (collateral kills)
  A golden dragon (Vaults:5)
  A draconian annihilator (Zot:3)
  A vault guard (Vaults:5)
  8 ball lightnings
11 creatures vanquished.

Vanquished Creatures (others)
  A draconian monk (Zot:2)
  A draconian knight (Zot:1)
  A war gargoyle (Vaults:5)
  124 ball lightnings
  5 humans (D:14)
  A centaur (D:4)
  A worker ant (D:4)
  An orc (D:4)
  29 fire vortices
  467 fulminant prisms
  A fungus (Lair:6)
  20 plants
  5 tentacles (Shoals:4)
  6 withered plants (Shoals:1)
663 creatures vanquished.

Grand Total: 3041 creatures vanquished

Notes
Turn   | Place    | Note
-------+----------+-------------------------------------------
     0 | D:1      | Luthien the Deep Elf Conjurer began the quest for the Orb.
     0 | D:1      | Reached XP level 1. HP: 10/10 MP: 6/6
   502 | D:1      | Reached XP level 2. HP: 15/15 MP: 1/8
   506 | D:1      | Learned a level 2 spell: Searing Ray
   831 | D:1      | Reached XP level 3. HP: 19/19 MP: 6/10
  1337 | D:1      | Found a shimmering altar of Xom.
  1339 | D:1      | Found a glowing silver altar of Zin.
  1339 | D:1      | Found a snail-covered altar of Cheibriados.
  1341 | D:1      | Found a glowing golden altar of the Shining One.
  1341 | D:1      | Found an ornate altar of the Wu Jian Council.
  1341 | D:1      | Found a bloodstained altar of Trog.
  1679 | D:2      | Found a faded altar of an unknown god.
  1959 | D:2      | Found an opulent altar of Gozag.
  2015 | D:2      | Reached XP level 4. HP: 24/24 MP: 8/11
  2705 | D:2      | Reached skill level 5 in Conjurations
  3288 | D:3      | Reached XP level 5. HP: 20/28 MP: 5/13
  3711 | D:3      | Noticed a sky beast
  3715 | D:3      | Reached skill level 1 in Evocations
  3730 | D:3      | Killed a sky beast
  3730 | D:3      | Reached skill level 1 in Fighting
  3730 | D:3      | Reached skill level 5 in Spellcasting
  3730 | D:3      | Reached XP level 6. HP: 24/34 MP: 1/15
  3918 | D:3      | Found an iron altar of Okawaru.
  4594 | D:4      | Reached XP level 7. HP: 39/39 MP: 12/17
  4711 | D:4      | Found a sparkling altar of Nemelex Xobeh.
  5107 | D:4      | Noticed Menkaure
  5121 | D:5      | Entered Level 5 of the Dungeon
  5390 | D:5      | Found Tiggeu Beujo's Distillery.
  5398 | D:5      | Bought 2 potions of curing for 60 gold pieces
  5398 | D:5      | Bought a potion of haste for 100 gold pieces
  5398 | D:5      | Bought a potion of resistance for 100 gold pieces
  5799 | D:5      | Found a staircase to the Ecumenical Temple.
  5809 | Temple   | Entered the Ecumenical Temple
  5857 | Temple   | Became a worshipper of Vehumet
  6350 | D:6      | Found Gattem's Antique Weapon Boutique.
  6356 | D:6      | Reached XP level 8. HP: 46/46 MP: 15/20
  6442 | D:6      | Found Paluivuc's Weapon Boutique.
  6460 | D:6      | Found Xaharim's Jewellery Shop.
  6511 | D:6      | Found Gefuusou's Armour Shoppe.
  6531 | D:6      | Found an ancient bone altar of Kikubaaqudgha.
  6574 | D:6      | Found a bloodstained altar of Trog.
  6574 | D:6      | Found a burning altar of Makhleb.
  6574 | D:6      | Found an ornate altar of the Wu Jian Council.
  6575 | D:6      | Found an iron altar of Okawaru.
  6576 | D:6      | Found a hazy altar of Hepliaklqana.
  7353 | D:7      | Found a sacrificial altar of Ru.
  7416 | D:7      | Found Kaimunu's Assorted Antiques.
  7634 | D:7      | Found a stormy altar of Qazlal.
  7634 | D:7      | Found a shimmering altar of Xom.
  7720 | D:7      | Noticed Harold
  7923 | D:8      | Noticed Grum
  7939 | D:7      | Reached XP level 9. HP: 34/52 MP: 12/23
  8039 | D:8      | Noticed a two-headed ogre
  8047 | D:7      | Learned a level 4 spell: Fulminant Prism
  8052 | D:7      | Learned a level 4 spell: Iskenderun's Mystic Blast
  8083 | D:8      | Killed a two-headed ogre
  8083 | D:8      | Reached skill level 5 in Fighting
  8205 | D:8      | Killed Grum
  8779 | D:9      | Reached skill level 5 in Hexes
  8841 | D:9      | Reached * piety under Vehumet
  8841 | D:9      | Offered knowledge of Shock by Vehumet.
  8853 | D:9      | Reached skill level 10 in Spellcasting
  8998 | D:9      | Reached XP level 10. HP: 60/60 MP: 18/26
 10053 | D:4      | Noticed Pikel
 10059 | D:4      | Killed Pikel
 10059 | D:4      | Reached skill level 10 in Conjurations
 10755 | D:4      | Killed Menkaure
 10932 | D:7      | Killed Harold
 11552 | D:10     | Entered Level 10 of the Dungeon
 11606 | D:10     | Found a staircase to the Orcish Mines.
 11870 | D:10     | Reached ** piety under Vehumet
 11870 | D:10     | Offered knowledge of Sandblast by Vehumet.
 11892 | D:10     | Noticed Josephine
 11898 | D:10     | Killed Josephine
 11898 | D:10     | Reached XP level 11. HP: 67/67 MP: 9/29
 11900 | D:10     | Noticed Sonja
 12104 | D:10     | Noticed Psyche
 12111 | D:10     | Killed Psyche
 12290 | D:10     | Noticed a two-headed ogre
 12297 | D:10     | Killed a two-headed ogre
 12525 | D:10     | Noticed an orange crystal statue
 12538 | D:10     | Killed an orange crystal statue
 12565 | D:10     | Offered knowledge of Mephitic Cloud by Vehumet.
 12570 | D:10     | Learned a level 3 spell: Mephitic Cloud
 12679 | D:10     | Killed Sonja
 13194 | D:11     | Noticed Fannar
 13254 | D:11     | Found a flagged portal.
 13259 | D:11     | Reached *** piety under Vehumet
 13463 | D:11     | Noticed a brown ugly thing
 13472 | D:10     | Killed Fannar
 13695 | Bailey   | Entered a bailey
 14132 | Bailey   | Noticed an orc knight
 14147 | Bailey   | Killed an orc knight
 14149 | Bailey   | Offered knowledge of Ignite Poison by Vehumet.
 14407 | Bailey   | Got ancient fire dragon scales
 14418 | Bailey   | Identified the +11 fire dragon scales of Gozag's Generosity
                  | {rF++ rC- Str+3} (You found it in a bailey)
 14461 | D:11     | Killed a brown ugly thing
 14716 | D:11     | Reached skill level 1 in Shields
 15017 | D:11     | Reached XP level 12. HP: 67/75 MP: 21/31
 15029 | D:11     | Reached **** piety under Vehumet
 15169 | D:11     | Learned a level 3 spell: Ignite Poison
 15474 | D:11     | Noticed Erica
 15483 | D:11     | Killed Erica
 15824 | D:11     | Noticed a tengu warrior
 15831 | D:11     | Offered knowledge of Bolt of Magma by Vehumet.
 15832 | D:11     | Killed a tengu warrior
 15998 | D:11     | Found a staircase to the Lair.
 16377 | Lair:1   | Entered Level 1 of the Lair of Beasts
 16381 | Lair:1   | Reached skill level 1 in Fire Magic
 16946 | D:12     | Found a frozen archway.
 17120 | D:6      | Bought an uncursed ring of protection from cold for 300
                  | gold pieces
 17269 | D:12     | Noticed Erolcha
 17279 | D:12     | Killed Erolcha
 17307 | IceCv    | Entered an ice cave
 18237 | D:12     | Reached XP level 13. HP: 80/80 MP: 25/33
 18626 | D:11     | Identified a scroll of acquirement
 18804 | D:7      | Bought a pair of dazzling boots for 171 gold pieces
 18809 | D:7      | Identified the +0 pair of boots of Objectivity {Harm MR+
                  | Slay-2} (You bought it in a shop on level 7 of the Dungeon)
 19319 | Lair:1   | Reached ***** piety under Vehumet
 19577 | Lair:2   | Offered knowledge of Iron Shot by Vehumet.
 19585 | Lair:2   | Learned a level 6 spell: Iron Shot
 19689 | Lair:2   | Found a staircase to the Snake Pit.
 20067 | Lair:2   | Reached skill level 5 in Shields
 20197 | Lair:2   | Reached skill level 5 in Fire Magic
 21453 | Lair:3   | Reached skill level 10 in Fighting
 21742 | Lair:4   | Found a shimmering altar of Xom.
 22031 | Lair:4   | Found a staircase to the Shoals.
 23680 | Lair:5   | Offered knowledge of Lee's Rapid Deconstruction by Vehumet.
 23830 | Lair:5   | Found a staircase to the Slime Pits.
 24869 | D:12     | Reached XP level 14. HP: 88/88 MP: 31/34
 25117 | D:12     | Reached skill level 1 in Bows
 25818 | D:13     | Got a masterwork scale mail
 26688 | D:13     | Identified the +2 scale mail of Distant Shores {-Cast rF-
                  | MR+++ Stlth+} (You found it on level 13 of the Dungeon)
 27209 | D:14     | Reached skill level 5 in Bows
 28237 | D:14     | Reached skill level 10 in Shields
 28581 | D:14     | Found a basalt altar of Yredelemnul.
 28811 | D:14     | Found a gate to the Vaults.
 28811 | D:14     | You fall into a shaft and drop 1 floor!
 28811 | D:15     | Entered Level 15 of the Dungeon
 29282 | Orc:1    | Entered Level 1 of the Orcish Mines
 29370 | Orc:1    | Noticed an orc warlord
 29449 | Orc:1    | Found a dark tunnel.
 29469 | Volcano  | Entered a volcano
 29932 | Orc:1    | Killed an orc warlord
 30468 | Orc:2    | Entered Level 2 of the Orcish Mines
 30967 | Orc:2    | Noticed Urug
 30973 | Orc:2    | Killed Urug
 31753 | Orc:2    | Reached XP level 15. HP: 62/93 MP: 31/35
 31995 | Orc:2    | Noticed an orc warlord
 32002 | Orc:2    | Offered knowledge of Fireball by Vehumet.
 32003 | Orc:2    | Killed an orc warlord
 32574 | Orc:2    | Found Gaps's Book Shoppe.
 32592 | Orc:2    | Learned a level 5 spell: Fireball
 32609 | Orc:2    | Found a roughly hewn altar of Beogh.
 32674 | Orc:2    | Found Kutinauj's Antique Armour Emporium.
 33037 | Orc:2    | Bought a pair of glowing gloves for 262 gold pieces
 33105 | Orc:2    | Reached skill level 15 in Spellcasting
 33316 | Orc:2    | Found a staircase to the Elven Halls.
 33696 | Orc:2    | Found Bael's Assorted Antiques.
 33706 | Orc:2    | Found Pudiampo's General Store.
 33884 | Orc:2    | Found a roughly hewn altar of Beogh.
 34557 | D:11     | Acquired 2640 gold pieces
 34706 | Orc:2    | Bought a manual of Dodging for 1545 gold pieces
 34734 | Orc:2    | Bought a heavily runed scale mail for 315 gold pieces
 34749 | Orc:2    | Identified the +2 scale mail of Eternity {+Blink} (You
                  | bought it in a shop on level 2 of the Orcish Mines)
 34945 | D:6      | Bought the ring "Sibb" {rC+ MR+ MP+9} for 694 gold pieces
 34953 | D:6      | Bought an uncursed amulet of reflection for 360 gold pieces
 35307 | Elf:1    | Entered Level 1 of the Elven Halls
 36078 | Elf:1    | Reached skill level 5 in Dodging
 36352 | Elf:1    | Found a radiant altar of Vehumet.
 36842 | Elf:1    | Offered knowledge of Conjure Ball Lightning by Vehumet.
 37551 | Elf:2    | Learned a level 6 spell: Conjure Ball Lightning
 37554 | Elf:2    | Learned a level 2 spell: Swiftness
 37754 | Elf:2    | Found a runed translucent gate.
 37754 | Elf:2    | Found a runed translucent gate.
 37754 | Elf:2    | Found a runed translucent gate.
 37854 | Elf:2    | Reached skill level 1 in Air Magic
 38967 | D:15     | Acquired an uncursed staff of wizardry
 39056 | D:15     | Reached XP level 16. HP: 100/100 MP: 37/37
 39705 | D:15     | Found a staircase to the Depths.
 40326 | Shoals:1 | Entered Level 1 of the Shoals
 40332 | Shoals:1 | Reached skill level 15 in Conjurations
 40463 | Shoals:1 | Found a runed translucent gate.
 40464 | Shoals:1 | Found a runed translucent gate.
 40465 | Shoals:1 | Found a runed translucent gate.
 40486 | Shoals:1 | You fall into a shaft and drop 1 floor!
 40834 | Shoals:1 | Identified the +2 mace of the Feather {speed, Int+4 Dex+9}
 40843 | Shoals:1 | Noticed Luthien's ghost (journeyman DECj)
 40843 | Shoals:1 | Noticed Kehicw's ghost (adept HOAs)
 42618 | Shoals:2 | Found Wanney's Antique Armour Shoppe.
 42633 | Shoals:2 | Bought a bloodstained leather armour for 203 gold pieces
 42647 | Shoals:2 | Identified the +1 leather armour "Fadghali" {rF++ Regen+}
                  | (You bought it in a shop on level 2 of the Shoals)
 42950 | Shoals:3 | Offered knowledge of Iskenderun's Battlesphere by Vehumet.
 42950 | Shoals:3 | Reached skill level 10 in Dodging
 43259 | Shoals:3 | Found Ruklaossememp's Food Shop.
 44212 | Shoals:3 | Reached skill level 5 in Air Magic
 44508 | Shoals:4 | Entered Level 4 of the Shoals
 44775 | Shoals:4 | Got an encrusted short sword
 44776 | Shoals:4 | Identified the +8 short sword of Reewkon {vorpal, rC+ MR+
                  | Dex+3} (You found it on level 4 of the Shoals)
 45238 | Shoals:4 | Reached skill level 1 in Translocations
 45387 | Shoals:4 | Reached XP level 17. HP: 106/106 MP: 35/38
 45820 | Shoals:4 | Got a barnacled rune of Zot
 45914 | Shoals:4 | Noticed a kraken
 46291 | Vaults:1 | Entered Level 1 of the Vaults
 46618 | D:14     | Learned a level 5 spell: Iskenderun's Battlesphere
 47214 | Vaults:1 | Reached skill level 1 in Charms
 47770 | Vaults:1 | Reached skill level 10 in Fire Magic
 48008 | Vaults:1 | Reached ****** piety under Vehumet
 48049 | Vaults:1 | Offered knowledge of Orb of Destruction by Vehumet.
 48458 | Vaults:1 | Reached skill level 5 in Translocations
 49043 | Vaults:2 | Reached skill level 5 in Charms
 49371 | Vaults:2 | Found Etos's Jewellery Shop.
 49409 | Vaults:2 | Reached XP level 18. HP: 101/113 MP: 20/39
 49983 | Vaults:2 | Got a fine silver ring
 49985 | Vaults:2 | Identified the cursed ring of the Messenger {Int-4 Slay+3}
                  | (You found it on level 2 of the Vaults)
 50699 | Vaults:2 | Offered knowledge of Starburst by Vehumet.
 51172 | D:11     | Acquired an uncursed staff of conjuration
 51174 | D:11     | Acquired the +8 longbow "Zephyr" {speed, Dex+3 SInv}
 51175 | D:11     | Found the +8 longbow "Zephyr" {speed, Dex+3 SInv}
 51176 | D:11     | Acquired 940 gold pieces
 51332 | Orc:2    | Bought a book of Transfigurations for 770 gold pieces
 51338 | Orc:2    | Learned a level 5 spell: Irradiate
 52227 | Vaults:3 | Reached skill level 1 in Transmutations
 52444 | Vaults:3 | Reached skill level 1 in Armour
 53125 | Vaults:3 | Found a staircase to the Crypt.
 53663 | Vaults:3 | Identified the +3 morningstar of Nemyr {speed, rN+ Int+3}
 55610 | Vaults:4 | Noticed Boris
 55623 | Vaults:4 | Noticed a lich
 55626 | Vaults:4 | Killed Boris
 55631 | Vaults:4 | Killed a lich
 56482 | Vaults:4 | Got an ancient chain mail
 56493 | Vaults:4 | Identified the +4 chain mail of Ashenzari's Supremacy
                  | {Str-5 Int+6 Dex+2} (You found it on level 4 of the Vaults)
 56493 | Vaults:4 | Lost strength.
 56650 | Vaults:4 | Reached XP level 19. HP: 119/119 MP: 40/40
 56736 | Vaults:4 | Noticed Saint Roka
 56746 | Vaults:4 | Killed Saint Roka
 57795 | Slime:1  | Entered Level 1 of the Pits of Slime
 57822 | Slime:1  | Gained mutation: Your body sometimes deteriorates upon
                  | taking damage. [a shining eye]
 58269 | Slime:3  | Reached skill level 5 in Transmutations
 58644 | Slime:4  | Offered knowledge of Fire Storm by Vehumet.
 58644 | Slime:4  | Offered knowledge of Tornado by Vehumet.
 58644 | Slime:4  | Offered knowledge of Ignition by Vehumet.
 58647 | Slime:4  | Reached skill level 15 in Dodging
 58940 | Snake:1  | Entered Level 1 of the Snake Pit
 59362 | Snake:1  | Noticed Aizul
 59401 | Snake:1  | Killed Aizul
 60550 | Snake:2  | Reached skill level 10 in Air Magic
 61246 | Snake:2  | You fall into a shaft and drop 1 floor!
 62174 | Snake:3  | Reached skill level 5 in Armour
 63479 | Crypt:1  | Entered Level 1 of the Crypt
 64597 | Crypt:1  | Got a steaming amethyst amulet
 64598 | Crypt:1  | Identified the amulet of the Vendetta {Inacc *Drain rPois
                  | rF++ Int+2} (You found it on level 1 of the Crypt)
 64958 | Crypt:1  | Noticed Boris
 64968 | Crypt:1  | Killed Boris
 64968 | Crypt:1  | Reached XP level 20. HP: 107/126 MP: 19/41
 65539 | Crypt:1  | Found a shimmering blue altar of Sif Muna.
 65615 | Crypt:1  | Identified the amulet of the Salamander {RegenMP rElec
                  | MR+++ Int-5 SInv}
 68157 | Crypt:2  | Found the +7 pair of quick blades "Gyre" and "Gimble"
                  | {protect}
 69438 | Snake:4  | Entered Level 4 of the Snake Pit
 69489 | Snake:4  | Noticed Roxanne
 69504 | Snake:4  | Killed Roxanne
 69905 | Snake:4  | Identified the +4 ring mail of Vexation {Harm *Corrode
                  | rElec rF++}
 71023 | Snake:4  | Got a serpentine rune of Zot
 71312 | Lair:6   | Entered Level 6 of the Lair of Beasts
 71335 | Lair:6   | Noticed Snorg
 71337 | Lair:6   | Killed Snorg
 72006 | Lair:6   | Found a runed translucent door.
 72073 | Lair:6   | Paralysed by a hornet for 2 turns
 72963 | Shoals:1 | Killed Luthien's ghost
 73273 | Shoals:1 | Killed Kehicw's ghost
 73778 | Slime:3  | Reached XP level 21. HP: 132/132 MP: 34/45
 73781 | Slime:2  | Gained mutation: You have an increased reservoir of magic.
                  | (+10% MP) [a shining eye]
 73783 | Slime:2  | Gained mutation: You are weak. (Str -2) [a shining eye]
 75223 | Slime:5  | Entered Level 5 of the Pits of Slime
 75234 | Slime:5  | Gained mutation: Armour fits poorly on your strangely
                  | shaped body. [a shining eye]
 75518 | Slime:5  | Noticed the Royal Jelly
 76827 | Slime:5  | Found a viscous altar of Jiyva.
 76900 | Slime:5  | Killed the Royal Jelly
 76900 | Slime:5  | Reached skill level 15 in Fire Magic
 77325 | Slime:5  | Got a slimy rune of Zot
 77476 | Slime:5  | Got a faintly glowing glaive
 77478 | Slime:5  | Got an ebony glaive
 77553 | Slime:5  | Got a sparkling platinum ring
 77555 | Slime:5  | Identified the ring of Javairr {rPois rF+ Str+4} (You found
                  | it on level 5 of the Pits of Slime)
 77573 | Slime:5  | Got a heavily runed lead amulet
 77577 | Slime:5  | Got a smoking golden amulet
 77670 | Slime:5  | Got a faintly glowing glass ring
 77672 | Slime:5  | Identified the ring of Raso {rF+ MR+ SInv Stlth+} (You
                  | found it on level 5 of the Pits of Slime)
 77710 | Slime:5  | Identified the amulet "Huwoun" {Spirit MR+} (You found it
                  | on level 5 of the Pits of Slime)
 77902 | D:11     | Identified the amulet of Tiguku {Faith rPois Str+5 Slay+2
                  | SInv} (You found it on level 5 of the Pits of Slime)
 77910 | D:11     | Identified the +9 glaive "Guuck" {vamp, +Rage +Fly Int+3}
                  | (You found it on level 5 of the Pits of Slime)
 77911 | D:11     | Identified the +4 glaive of Distant Shores {flame, rElec
                  | rN+ Stlth-} (You found it on level 5 of the Pits of Slime)
 79089 | Elf:3    | Entered Level 3 of the Elven Halls
 79601 | Elf:3    | Found Emeekhu's Jewellery Boutique.
 79601 | Elf:3    | Found Agaqughe's Gadget Emporium.
 79603 | Elf:3    | Found Xitweaxe's Jewellery Boutique.
 79617 | Elf:3    | Bought the ring "Ydoethie" {+Blink +Inv rPois Int+6} for
                  | 1088 gold pieces
 79800 | Elf:3    | Noticed Asterion
 79804 | Elf:3    | Killed Asterion
 80258 | Elf:3    | Identified the +1 ring mail of Wogasig {+Blink rF+++ Str-3
                  | Slay-5}
 80263 | Elf:3    | Identified the cursed +0 bardiche of Worutiuthre
                  | {antimagic, rElec rF+ Stlth+}
 80268 | Elf:3    | Reached skill level 5 in Evocations
 80595 | Elf:3    | Reached XP level 22. HP: 137/137 MP: 46/52
 80753 | Elf:3    | Identified a ring of the Octopus King {rC+ AC+1 EV+1 Str+1
                  | Int+1 Dex+1}
 80839 | Elf:3    | Got a steaming mace
 80851 | Elf:3    | Identified the Volume of Warped Creation
 81100 | Elf:3    | Got a jewelled leather armour
 81110 | Elf:3    | Identified the +2 leather armour of the Known World {Harm
                  | rElec Dex+2} (You took it off a deep elf annihilator on
                  | level 3 of the Elven Halls)
 81417 | D:11     | Identified the +4 mace of Miuqew {speed, Int+2 Dex+3} (You
                  | found it on level 3 of the Elven Halls)
 82075 | D:11     | Learned a level 8 spell: Ignition
 82079 | D:11     | Learned a level 3 spell: Ozocubu's Armour
 82279 | Depths:1 | Entered Level 1 of the Depths
 82282 | Depths:1 | Reached skill level 1 in Ice Magic
 83295 | Depths:1 | Found a gateway to Hell.
 84622 | D:7      | Bought a scroll of enchant armour for 135 gold pieces
 84622 | D:7      | Bought 2 potions of heal wounds for 180 gold pieces
 84622 | D:7      | Bought a potion of haste for 180 gold pieces
 84622 | D:7      | Bought a scroll of enchant armour for 135 gold pieces
 85131 | D:5      | Bought a potion of haste for 100 gold pieces
 85131 | D:5      | Bought a potion of resistance for 100 gold pieces
 85131 | D:5      | Bought a potion of mutation for 80 gold pieces
 85131 | D:5      | Bought a potion of mutation for 80 gold pieces
 85131 | D:5      | Bought a potion of brilliance for 40 gold pieces
 85215 | D:7      | Bought a buzzing short sword for 144 gold pieces
 85215 | D:7      | Identified the +7 short sword of the Fool {drain, Int+6}
                  | (You bought it in a shop on level 7 of the Dungeon)
 85607 | Depths:2 | Paralysed by a floating eye for 2 turns
 86020 | Depths:2 | Found a one-way gate to the infinite horrors of the Abyss.
 86598 | Depths:2 | Noticed Boris
 86604 | Depths:2 | Killed Boris
 87308 | Depths:2 | Identified the +5 falchion of Defiance {vorpal, Int+2
                  | Stlth+}
 87742 | Depths:2 | Identified Beosyok's Handbook of Toxins and the Entourage
 88409 | Depths:3 | Found a one-way gate leading to the halls of Pandemonium.
 88475 | Depths:3 | Got a jewelled plate armour
 88518 | Depths:3 | Identified the +6 plate armour "Xelih" {Regen+} (You found
                  | it on level 3 of the Depths)
 88564 | Depths:3 | Reached XP level 23. HP: 118/142 MP: 30/54
 89340 | Depths:3 | Noticed Boris
 89347 | Depths:3 | Killed Boris
 89506 | Depths:3 | Got an ancient plate armour
 89520 | Depths:3 | Identified the cursed +0 plate armour "Socoox" {rPois
                  | Int+2} (You found it on level 3 of the Depths)
 90698 | Depths:4 | Identified the ring of Oriryteb {Str+4 Int+6}
 90956 | Depths:4 | Noticed a juggernaut
 90962 | Depths:4 | Killed a juggernaut
 91447 | Depths:4 | Identified the ring "Sorchat" {rPois rN+ MR- MP+9 Int+3}
 91980 | Depths:4 | Identified the ring "Jaump" {Ice rElec Str+7 Dex-4 SInv}
 92359 | Depths:4 | Found Xeustrosyrr's General Store.
 92368 | Depths:4 | Bought a ration for 80 gold pieces
 92368 | Depths:4 | Bought a ration for 80 gold pieces
 93103 | Depths:4 | Found Caeg's Assorted Antiques.
 93126 | Depths:4 | Bought a scroll of teleportation for 144 gold pieces
 93357 | Depths:5 | Entered Level 5 of the Depths
 93607 | Depths:5 | Reached XP level 24. HP: 107/148 MP: 42/55
 94074 | Depths:5 | Found Xuomovin's Armour Shoppe.
 94094 | Depths:5 | Bought a +2 helmet of intelligence for 494 gold pieces
 94170 | Depths:5 | Found a gate to the Realm of Zot.
 94912 | Depths:5 | Identified Witchcraft, Part One
 95257 | Depths:5 | Found a gateway to a ziggurat.
 95566 | Zot:1    | Entered Level 1 of the Realm of Zot
 98592 | Zot:2    | Noticed an orb of fire
 98602 | Zot:2    | Gained mutation: You occasionally shout uncontrollably at
                  | your foes. [an orb of fire]
 99320 | Crypt:3  | Entered Level 3 of the Crypt
 99342 | Crypt:3  | Reached XP level 25. HP: 121/152 MP: 28/55
 99708 | Crypt:3  | Found a staircase to the Tomb.
100053 | Crypt:3  | Noticed Bai Suzhen
100054 | Crypt:3  | Reached skill level 5 in Stealth
100058 | Crypt:3  | Killed Bai Suzhen
101008 | Crypt:3  | Noticed an ancient lich
101097 | Crypt:3  | Got a translucent ivory ring
101097 | Crypt:3  | Got a transparent iron ring
101097 | Crypt:3  | Got a wavering turquoise ring
101108 | Crypt:3  | Killed an ancient lich
101110 | Crypt:3  | Identified the Papyrus of Damaging Feathers
101126 | Crypt:3  | Identified the Incunabulum of the Hurtful Oath
101543 | D:11     | Learned a level 9 spell: Fire Storm
101544 | D:11     | Identified the ring "Ykhint" {rPois rN+} (You found it on
                  | level 3 of the Crypt)
101546 | D:11     | Identified the ring "Qaze" {rN+ MP+9} (You found it on
                  | level 3 of the Crypt)
101548 | D:11     | Identified the ring of Rogig {*Slow rN+ Str-5 Int+8 SInv}
                  | (You found it on level 3 of the Crypt)
101875 | Vaults:5 | Entered Level 5 of the Vaults
101879 | Vaults:5 | Noticed an ancient lich
101887 | Vaults:5 | Killed an ancient lich
101898 | Vaults:5 | Reached skill level 10 in Stealth
102103 | Vaults:5 | Noticed Mennas
102487 | Zot:2    | Gained mutation: You tend to lose your temper in combat.
                  | [an orb of fire]
102491 | Zot:2    | Killed an orb of fire
102799 | D:11     | Lost mutation: You tend to lose your temper in combat.
                  | [potion of mutation]
102799 | D:11     | Lost mutation: Your body sometimes deteriorates upon taking
                  | damage. [potion of mutation]
102799 | D:11     | Gained mutation: Your body sometimes deteriorates upon
                  | taking damage. [potion of mutation]
102799 | D:11     | Lost mutation: You are weak. (Str -2) [potion of mutation]
102799 | D:11     | Gained mutation: You are weak. (Str -2) [potion of
                  | mutation]
102799 | D:11     | Gained mutation: You are resistant to hostile enchantments.
                  | (MR+) [potion of mutation]
103230 | Zot:2    | Noticed an orb of fire
103230 | Zot:2    | Gained mutation: You tend to lose your temper in combat.
                  | [an orb of fire]
103238 | Zot:2    | Killed an orb of fire
103548 | D:11     | Lost mutation: You are weak. (Str -2) [potion of mutation]
103548 | D:11     | Lost mutation: Your body sometimes deteriorates upon taking
                  | damage. [potion of mutation]
103548 | D:11     | Lost mutation: You tend to lose your temper in combat.
                  | [potion of mutation]
103548 | D:11     | Lost mutation: You occasionally shout uncontrollably at
                  | your foes. [potion of mutation]
103548 | D:11     | Gained mutation: You have a pair of small horns on your
                  | head. [potion of mutation]
103907 | Zot:2    | Learned a level 6 spell: Freezing Cloud
103954 | Zot:2    | Reached XP level 26. HP: 124/158 MP: 55/55
104770 | Zot:2    | Identified the cursed +0 cloak of Life {rF- Str+9}
104777 | Zot:2    | Found a bloodstained altar of Trog.
104777 | Zot:2    | Identified the +7 glaive of Risk Management {vorpal, rN+}
104779 | Zot:2    | Identified the +11 demon whip of False Hope {flame,
                  | *Corrode rF+ rC+++}
104781 | Zot:2    | Identified the +2 cloak "Kunoju Rynawk" {*Drain rN+ MP+9
                  | Dex+2}
104784 | Zot:2    | Found a transporter.
104786 | Zot:2    | Noticed Muataran's ghost (veteran MiMo)
104787 | Zot:2    | Identified the +6 great sword "Vejas" {antimagic, *Drain
                  | rPois rN++ Str+4}
104796 | Zot:2    | Found a transporter.
104938 | Zot:3    | Identified the +4 dragonskin cloak
104938 | Zot:3    | Noticed Tiamat
105390 | Zot:3    | Killed Tiamat
106200 | Zot:4    | Killed from afar by a golden dragon

Illustrated notes

Levels and vault maps discovered:
D:1:      dpeg_arrival_arbitrary_a, layout_basic, minmay_misc_feat_five,
          solitary_fountain, doesnt_xom_only_xom
D:2:      layout_basic, marbit_many_paths, chequers_ecumenical_altar_simple,
          kennysheep_generic_room_15
D:3:      layout_rooms, first_ration, kennysheep_okawaru_gauntlet
D:4:      layout_loops_corners, nemelex_lonely_heart_becter, uniq_pikel,
          uniq_menkaure
D:5:      layout_loops_ring, minmay_temple_entry_slanted, serial_shops,
          nicolae_shop_statue_plus
D:6:      layout_cave_pods, minitemple, serial_shops,
          nicolae_shop_competitors_out_of_business, kennysheep_mini, shop, shop
D:7:      layout_gridville, nicolae_ru_sacrificial_ziggurat,
          gammafunk_temple_overflow_wave, serial_shops, nicolae_shop_stone,
          uniq_harold
D:8:      layout_rooms, uniq_grum
D:9:      layout_irregular_city
D:10:     minmay_statue_hallways, layout_irregular_city, david_orc_3,
          uniq_sonja, uniq_josephine, uniq_psyche
D:11:     layout_loops_ring, erik_lair_dragon, enter_bailey_3, uniq_erica,
          uniq_fannar
D:12:     layout_loops_ring, portal_ice_cave_rime, uniq_erolcha
D:13:     layout_gridville, hangedman_fish_farm
D:14:     layout_loops_corners, ximxim_vaults_locker_room, basic_altar,
          minivault_19
D:15:     gammafunk_enter_depths_forms, layout_loops_ring,
          minmay_misc_feat_encased, minmay_misc_feat_rugged,
          minmay_misc_feat_four_crosses
Temple:   minmay_temple_forest_path
Lair:1:   layout_big_grid, grunt_megastairs_1
Lair:2:   layout_hall_layers, minmay_snake_entry_guardpost_small,
          grunt_megastairs_5
Lair:3:   layout_roguey, lemuel_fruit_fields, grunt_megastairs_4,
          lemuel_fruit_tree
Lair:4:   layout_small_grid, minmay_shoals_entry_lonely_mermaid, basic_altar
Lair:5:   layout_regular_city, slime_dummy, columned_hall_lemuel,
          grunt_megastairs_3
Lair:6:   guppyfry_lair_end_dragon, layout_misc_corridors, wormcave, uniq_snorg
Shoals:1: layout_shoals, gammafunk_ghost_cemetery
Shoals:2: layout_shoals, serial_shops, shop, nicolae_shoals_hunting_party
Shoals:3: layout_shoals, ldierk_geyser, nicolae_shoals_c_island
Shoals:4: shoals_end_grunt_ice, layout_shoals
Snake:1:  layout_concentric_octagons, st_stairs_3, uniq_aizul
Snake:2:  layout_honeycomb
Snake:3:  layout_cave_shapes
Snake:4:  minmay_snake_end_coiled, layout_cave_town, uniq_roxanne
Slime:1:  layout_caves
Slime:2:  layout_caves
Slime:3:  layout_caves
Slime:4:  layout_caves
Slime:5
Orc:1:    layout_diamond_mine, enter_volcano_1
Orc:2:    pubby_orc_utopia, uniq_urug
Elf:1:    elf_arrival_001, layout_geoelf_diagonals, basic_altar,
          evilmike_minifort, minmay_crystal_room, drop_trap
Elf:2:    layout_geoelf_octagon, minivault_19
Elf:3:    elf_hall_gauntlet_wide, layout_geoelf_grid, nrook_mini_backslash,
          minmay_shop_grove, uniq_asterion
Vaults:1: hangedman_vaults_river_flow, st_more_cells, hangedman_vaults_corner,
          hangedman_vaults_capsules, hangedman_vaults_cutoff, vaults_room_pools,
          v_pattern_4, hangedman_vaults_snaps, vaults_dpeg_cross,
          vaults_dpeg_diagonal, nicolae_vaults_angled_halls,
          layout_vaults_omnibox
Vaults:2: vaults_mumra_minichess_inversion, v_pattern_2, v_misc_10,
          nicolae_vaults_theta, nicolae_vaults_theta,
          nicolae_vaults_quartermaster, nicolae_vaults_mini_display_case,
          vaults_room_hallway, layout_vaults_quadrants, serial_glass,
          serial_shops, shop
Vaults:3: minmay_crypt_entry_vampire_xt, nicolae_vaults_network_s,
          hangedman_vaults_hat, nicolae_vaults_angled_halls,
          nicolae_vaults_big_ls, nicolae_vaults_little_ls, v_alt_pattern_4,
          vaults_dpeg_encased_lava, vaults_room_fours,
          layout_vaults_chaotic_city
Vaults:4: v_rooms_6, v_rooms_6, ontoclasm_vaults_decontamination,
          ontoclasm_vaults_ring_small, nicolae_vaults_little_squares_2,
          st_hourglassy, nicolae_vaults_rhombus_6, ontoclasm_vaults_pinch,
          nicolae_vaults_three_branches, serial_ice_h, layout_vaults_omnicross,
          uniq_boris, uniq_saint_roka
Vaults:5: serial_shops, uniq_mennas
Crypt:1:  layout_catacombs, hangedman_summoners_spam
Crypt:2:  layout_rooms
Crypt:3:  david_glass_crypt, layout_basic, uniq_bai_suzhen
Depths:1: layout_cave_shapes, grunt_mini_vestibule, grunt_decor_resistance,
          grunt_ministairs_13, kennysheep_underground_church
Depths:2: cheibrodos_leafed_vault, layout_basic, hangedman_coc_ice_floe,
          abyss_entry, skrybe_limestone_x, serial_bayou_shore_a
Depths:3: kennysheep_room_grid, layout_basic, kennysheep_nondescript,
          grunt_pan_entry_zigzag, hell_entry, corexii_mini_fake_secret_closet,
          fake_guardian_serpent_vault
Depths:4: hangedman_spin_cycle, abyss_entry, hell_entry
Depths:5: grunt_zot_entry_alcove, layout_basic, enter_ziggurat_a, hell_entry,
          nrook_campfire, serial_shops, shop, minmay_starry_boxes
Zot:1:    layout_misc_corridors
Zot:2:    kennysheep_six_static_rooms, layout_basic,
          gammafunk_ghost_wrathful_warriors
Zot:3:    layout_misc_corridors, uniq_tiamat
Zot:4:    layout_onion_interference, drop_trap

Skill      XL: |  1  2  3  4  5  6  7  8  9 10 11 12 13 14 15 16 17 18 19 20 21 22 23 24 25 26 |
---------------+-------------------------------------------------------------------------------+-----
Stealth        | 3 4 10 | 10.0
Dodging        | 3 4 7 11 13 14 15 | 15.0
Spellcasting   | 4 5 7 8 10 12 13 14 15 18 20 21 | 21.2
Conjurations   | 5 6 8 9 11 12 13 14 15 16 17 18 20 22 23 24 | 24.2
Evocations     | 1 2 3 6 8 |  8.0
Fighting       | 1 3 4 5 7 8 9 10 11 12 13 14 | 14.0
Hexes          | 6 9 |  9.0
Shields        | 1 3 7 10 11 12 13 | 13.8
Fire Magic     | 3 5 8 9 10 13 16 18 20 21 23 24 | 24.1
Bows           | 7 |  7.0
Air Magic      | 1 5 7 9 10 11 | 11.0
Translocations | 1 5 |  5.0
Charms         | 5 9 |  9.0
Transmutations | 4 7 |  7.0
Armour         | 3 5 |  5.0
Ice Magic      | 2 |  2.1

Action                   |  1- 3 |  4- 6 |  7- 9 | 10-12 | 13-15 | 16-18 | 19-21 | 22-24 | 25-27 || total
-------------------------+-------+-------+-------+-------+-------+-------+-------+-------+-------++-------
Melee: Club              |       |       |     4 |     3 |       |       |       |       |       ||     7
       Dagger            |       |       |       |    16 |       |       |       |       |       ||    16
       Rapier            |       |       |       |       |    42 |       |       |       |       ||    42
       Short sword       |       |       |       |       |       |    20 |       |       |       ||    20
       Staff             |       |       |       |       |       |       |     3 |       |       ||     3
Throw: Stone             |       |       |       |       |     1 |       |       |       |       ||     1
 Cast: Magic Dart        |    67 |    83 |    60 |   100 |   176 |    37 |   198 |    82 |    34 ||   837
       Searing Ray       |     1 |    24 |    51 |    82 |   226 |    19 |       |     1 |       ||   404
       Fulminant Prism   |       |       |     7 |   140 |   226 |    49 |    33 |    13 |     2 ||   470
       Mephitic Cloud    |       |       |       |       |     2 |     6 |       |       |       ||     8
       Iskenderun's Myst |       |       |       |       |     2 |     1 |    26 |    17 |     5 ||    51
       Fireball          |       |       |       |       |    67 |   457 |   561 |   516 |   144 ||  1745
       Iskenderun's Batt |       |       |       |       |       |   105 |   265 |   199 |    60 ||   629
       Swiftness         |       |       |       |       |       |     1 |     4 |     2 |     2 ||     9
       Irradiate         |       |       |       |       |       |       |    11 |    28 |    24 ||    63
       Conjure Ball Ligh |       |       |       |       |       |       |     4 |    37 |     5 ||    46
       Ignition          |       |       |       |       |       |       |       |     3 |    22 ||    25
       Fire Storm        |       |       |       |       |       |       |       |       |    15 ||    15
       Freezing Cloud    |       |       |       |       |       |       |       |       |     7 ||     7
Evoke: Wand              |       |       |       |       |     1 |       |       |       |       ||     1
       Staff of energy   |       |       |       |       |       |       |     6 |    62 |    11 ||    79
       Box of beasts     |       |       |       |       |       |       |       |       |     2 ||     2
  Use: Scroll            |       |       |       |    12 |    25 |    13 |    20 |    22 |     5 ||    97
       Potion            |       |       |       |     7 |     2 |     2 |    11 |       |    12 ||    34
 Stab: Confused          |       |       |       |       |       |     1 |       |       |       ||     1
  Eat: Chunk             |     3 |     8 |    10 |    18 |    50 |    43 |    14 |    39 |     8 ||   193
       Ration            |       |       |     1 |     3 |     3 |     4 |    17 |     6 |     6 ||    40
Armor: Robe              |     1 |     5 |       |     3 |       |       |       |       |       ||     9
       Leather armour    |       |     2 |     9 |    15 |       |       |       |       |       ||    26
       Fire dragon scale |       |       |       |    74 |   134 |    83 |    79 |    71 |    19 ||   460
Dodge: Dodged            |     3 |    19 |    24 |   110 |    74 |    47 |    54 |    64 |    39 ||   434
Block: Tower shield      |       |       |       |     2 |       |       |       |       |       ||     2
       Buckler           |       |       |       |       |    33 |       |       |       |       ||    33
       Kite shield       |       |       |       |       |    60 |   144 |   101 |    93 |    43 ||   441
       Reflection        |       |       |       |       |     2 |    46 |    10 |    23 |     3 ||    84
